 Dungeon Crawl Stone Soup version 0.28-a0-769-g550dbda0cd (webtiles) character file.

Game seed: 3198485496634505742

138 avis the Skirmisher (level 5, -7/42 HPs)
             Began as a Djinni Warper on Oct 31, 2021.
             Mangled by Edmund (13 damage)
             ... on level 3 of the Dungeon.
             The game lasted 00:21:15 (4086 turns).

avis the Skirmisher (Djinni Warper)                 Turns: 4086, Time: 00:21:17

Health: -7/42      AC:  4    Str: 10    XL:     5   Next: 45%
Gold:   183        EV: 11    Int: 15    God:
                   SH:  0    Dex: 13

rFire   + + .      SeeInvis .   d - +0 whip (venom)
rCold   x . .      Faith    .   (no shield)
rNeg    . . .      Spirit   .   a - +0 leather armour
rPois   ∞          Reflect  .   h - +0 helmet
rElec   .          Harm     .   (no cloak)
rCorr   .          Rampage  .   (no gloves)
Will    .....                   (boots unavailable)
Stlth   +.........              (no amulet)
HPRegen 0.14/turn               (no ring)
MPRegen 0.00/turn               (no ring)

@: flying
A: sickness immunity, fire resistance 2, cold vulnerability 1, float, innate
caster, hp casting, extra vitality 1
a: no special abilities


You were on level 3 of the Dungeon.
You visited 1 branch of the dungeon, and saw 4 of its levels.

You collected 183 gold pieces.

Inventory:

Hand Weapons
 d - a +0 whip of venom (weapon)
 e - a +1 dagger of venom
 w - a +0 hunting sling
Missiles
 c - 5 boomerangs of dispersal (quivered)
 m - 15 arrows
 p - 39 bolts
 q - 24 poisoned darts
 s - 21 stones
Armour
 a - a +0 leather armour (worn)
 h - a +0 helmet (worn)
 y - a +0 chain mail
 z - a +0 ring mail
Jewellery
 r - an amulet of the acrobat
Wands
 u - a wand of acid (11)
 x - a wand of paralysis (7)
Scrolls
 b - a scroll of blinking
 g - a scroll of teleportation {unknown}
 j - 6 scrolls of identify {unknown}
 l - a scroll of enchant weapon {unknown}
 n - a scroll of magic mapping {unknown}
 t - a scroll of summoning {unknown}
Potions
 f - a potion of lignification {unknown}
 i - a potion of heal wounds {unknown}
 k - a potion of brilliance {unknown}
 o - 3 potions of curing {unknown}
 v - a potion of magic {unknown}


   Skills:
 * Level 4.7 Fighting
 - Level 0.7 Throwing
 - Level 1.0 Armour
 - Level 2.1 Dodging
 - Level 2.0 Unarmed Combat
 - Level 3.0 Spellcasting


You couldn't memorise any spells.
You knew the following spells:

 Your Spells              Type           Power      Damage    Failure   Level
a - Shock                 Conj/Air       44%        1d5       8%          1
b - Blink                 Tloc           22%        N/A       12%         2
c - Poisonous Vapours     Pois/Air       22%        N/A       12%         2
g - Gell's Gravitas       Tloc           5%         N/A       24%         3
k - Lesser Beckoning      Tloc           11%        N/A       24%         3
o - Teleport Other        Tloc           11%        N/A       24%         3
M - Manifold Assault      Tloc           11%        N/A       91%         5
Your spell library was empty.

Dungeon Overview and Level Annotations

Branches:
Dungeon (4/15)
 Temple: D:4-7

Altars:

Annotations:
D:3 Edmund


Innate Abilities, Weirdness & Mutations

You are immune to sickness and miasma.
You are immune to poison.
Your flesh is very heat resistant. (rF++)
You are vulnerable to cold. (rC-)
You float through the air rather than walking.
You learn spells naturally, not from books.
Your magical power is your life essence.
You have superior vitality. (+4 HP)


Message History

Edmund hits you with a +2 flail of holy wrath.
Casting: Shock (safe; 8% risk of failure)
Confirm with . or Enter, or press ? or * to list all spells.
Aiming: Shock (safe; 8% risk of failure)
Press: ? - help, Shift-Dir - straight line The zap hits Edmund but does no damage.
Edmund is moderately wounded.
The zap hits Edmund.
Edmund is moderately wounded.
Edmund hits you with a +2 flail of holy wrath!
* * * LOW HITPOINT WARNING * * *
Edmund asks, "Have you met my wondrous brother?"
Edmund looks more healthy.
Casting: Shock (safe; 8% risk of failure)
Confirm with . or Enter, or press ? or * to list all spells.
Aiming: Shock (safe; 8% risk of failure)
Press: ? - help, Shift-Dir - straight line The zap hits Edmund but does no damage.
Edmund is heavily wounded.
* * * LOW HITPOINT WARNING * * *
Edmund grinds his teeth, and then sighs.
Edmund grinds his teeth, and then sighs.
Casting: Shock (safe; 8% risk of failure)
Confirm with . or Enter, or press ? or * to list all spells.
Aiming: Poisonous Vapours (safe; 12% risk of failure)
Press: ? - help, Dir - move target, f - Edmund
Aim: Edmund, wielding a +2 flail of holy wrath and wearing a +0 leather armour (heavily wounded) Poisonous vapours surround Edmund!
Edmund is poisoned.
* * * LOW HITPOINT WARNING * * *
Edmund hits you but does no damage.
Edmund looks more healthy.
Casting: Poisonous Vapours (safe; 12% risk of failure)
Confirm with . or Enter, or press ? or * to list all spells.
Aiming: Poisonous Vapours (safe; 12% risk of failure)
Press: ? - help, Dir - move target, f/p - Edmund
Aim: Edmund, wielding a +2 flail of holy wrath and wearing a +0 leather armour (heavily wounded) Poisonous vapours surround Edmund!
Edmund is poisoned.
* * * LOW HITPOINT WARNING * * *
Edmund hits you with a +2 flail of holy wrath!
You die...

# ##########>......# # #......#
#####.### # ##### #.####># #.# #
##...# #.####.#######.######
...#.##### #.#..................
##.....).# #.#.##.#######.######
##.#.##.# #.#.##.# ##...## #
#.#.##.# #.#.##.# #.....# #
#.#.##.####...@@.# ##...## #
#....#.#.........# ##.##
###..#.#.####.##.# #.# #....#.#
#...#.# #.# ##.###.# #.#.#.#
##'## #.# #.# #...#.# ##...## ###
#.# #.# #.###.# ##.....##
##.###.# #.###.#.#.# ##.......##
#...##.###...[.....###.........##


You could see Edmund (poisoned).

Vanquished Creatures
  6 adders
  An adder skeleton (D:4)
  2 worms (D:2)
  4 dart slugs
  7 endoplasms
  2 giant cockroaches (D:1)
  5 goblins
  5 hobgoblins
  3 quokkas
  13 ball pythons
  5 bats
  4 frilled lizards
  6 kobolds
  10 rats
73 creatures vanquished.

Notes
Turn   | Place    | Note
-------+----------+-------------------------------------------
     0 | D:1      | avis the Djinni Warper began the quest for the Orb.
     0 | D:1      | Reached XP level 1. HP: 18/18 MP: 0/0
    61 | D:1      | Reached XP level 2. HP: 10/24 MP: 0/0
   277 | D:1      | Reached skill level 3 in Fighting
   508 | D:1      | Reached XP level 3. HP: 28/30 MP: 0/0
   508 | D:1      | Learned a level 1 spell: Shock
   585 | D:1      | Found a faded altar of an unknown god.
  1468 | D:2      | Reached XP level 4. HP: 35/35 MP: 0/0
  1803 | D:2      | Reached skill level 4 in Fighting
  2085 | D:2      | Reached XP level 5. HP: 40/41 MP: 0/0
  2085 | D:2      | Learned a level 2 spell: Poisonous Vapours
  4040 | D:4      | Noticed Edmund
  4086 | D:3      | Mangled by Edmund

Illustrated notes

Levels and vault maps discovered:
D:1:      psy_arrival_terrarium, layout_loops_cross,
          ebering_ecumenical_altar_mist, minmay_misc_feat_plants
D:2:      layout_loops_ring
D:3:      layout_loops_corners
D:4:      layout_gridville, nicolae_ossuary_entry_plus, minmay_mini_jars,
          uniq_edmund

Skill      XL: |  1  2  3  4 |
---------------+-------------+-----
Fighting       | 3 4 |  4.7
Spellcasting   | 3 |  3.0
Throwing       | |  0.7
Armour         | |  1.0
Dodging        | |  2.1
Unarmed Combat | |  2.0

Action                   |  1- 3 |  4- 6 || total
-------------------------+-------+-------++-------
Melee: Whip              |   115 |    47 ||   162
 Cast: Shock             |       |    50 ||    50
       Poisonous Vapours |       |    25 ||    25
Armor: Leather armour    |    31 |    15 ||    46
Dodge: Dodged            |    68 |    37 ||   105

Table legend: (Time is in decaauts)
 A = Elapsed time spent in this place.
 B = Non-inter-level travel time spent in this place.
 C = Inter-level travel time spent in this place.
 D = Time resting spent in this place.
 E = Time spent auto-exploring this place.
 F = Levels seen in this place.
 G = Mean time per level.
                   A        B        C        D        E       F      G
               +--------+--------+--------+--------+--------+-----+--------+
         Total |   4109 |   3757 |    352 |   1363 |   1698 |   4 | 1027.2 |
       Dungeon |   4109 |   3757 |    352 |   1363 |   1698 |   4 | 1027.2 |
               +--------+--------+--------+--------+--------+-----+--------+

Top non-repeatable levels by time:
     D:2: 1469 daAuts
     D:3: 1307 daAuts
     D:1: 1273 daAuts
     D:4: 58 daAuts
